DBL
BALTIMORE ORIOLES @ DETROIT TIGERS
04/01/1997
 
TOP OF THE 1ST
Baltimore Orioles batting - Pitching for Detroit Tigers : LHP Vaughn Eshelman
Pitching: LHP Vaughn Eshelman
Batting: LHB Bill Spiers 0-0: Called Strike
0-1: Called Strike
0-2: Ground out U3 (Groundball, 3, EV 86.9 MPH)
Batting: LHB Troy O'Leary 0-0: Ball
1-0: Called Strike
1-1: Foul Ball, location: 2F
1-2: Ball
2-2: Reached on error, E3 (Groundball, 34S, EV 70.0 MPH)
Batting: LHB Kenny Lofton 0-0: Called Strike
0-1: Ground out 4-3 (Groundball, 4, EV 99.4 MPH)
Troy O'Leary to third
Batting: LHB Matt Franco 0-0: Called Strike
0-1: Swinging Strike
0-2: Ball
1-2: Foul Ball, location: 2F
1-2: Foul Ball, location: 2F
1-2: Foul Ball, location: 2F
1-2: Strikes out looking
Top of the 1st over - 0 runs, 0 hits, 1 error, 1 left on base; Baltimore 0 - Detroit 0
BOTTOM OF THE 1ST
Detroit Tigers batting - Pitching for Baltimore Orioles : RHP Dwight Gooden
Pitching: RHP Dwight Gooden
Batting: LHB Jose R Herrera 0-0: Ball
1-0: Bunt missed!
1-1: Foul Ball, location: 2F
1-2: Strikes out swinging
Batting: LHB Tino Martinez 0-0: Swinging Strike
0-1: Ground out U3 (Groundball, 34, EV 102.5 MPH)
Batting: RHB Shannon Stewart 0-0: Ball
1-0: Fly out, F9 (Flyball, 9, EV 82.5 MPH)
Bottom of the 1st over - 0 runs, 0 hits, 0 errors, 0 left on base; Baltimore 0 - Detroit 0
TOP OF THE 2ND
Baltimore Orioles batting - Pitching for Detroit Tigers : LHP Vaughn Eshelman
Batting: LHB Johnny Damon 0-0: Foul Ball, location: 2F
0-1: Ball
1-1: Fly out, F7 (Flyball, 7D, EV 106.9 MPH)
Batting: LHB Matt Nokes 0-0: Ball
1-0: Fly out, F7 (Flyball, 7LD, EV 103.1 MPH)
Batting: RHB Kelly Gruber 0-0: Called Strike
0-1: Foul Ball, location: 2F
0-2: Strikes out swinging
Top of the 2nd over - 0 runs, 0 hits, 0 errors, 0 left on base; Baltimore 0 - Detroit 0
BOTTOM OF THE 2ND
Detroit Tigers batting - Pitching for Baltimore Orioles : RHP Dwight Gooden
Batting: LHB Ben Grieve 0-0: Called Strike
0-1: Ball
1-1: Ball
2-1: Swinging Strike
2-2: Strikes out looking
Batting: RHB Howard Battle 0-0: Ball
1-0: Called Strike
1-1: Called Strike
1-2: Fly out, F8 (Line Drive, 8LD, EV 94.4 MPH)
Batting: LHB Brent Mayne 0-0: Swinging Strike
0-1: Called Strike
0-2: Ball
1-2: Strikes out looking
Bottom of the 2nd over - 0 runs, 0 hits, 0 errors, 0 left on base; Baltimore 0 - Detroit 0
TOP OF THE 3RD
Baltimore Orioles batting - Pitching for Detroit Tigers : LHP Vaughn Eshelman
Batting: RHB Alvaro Espinoza 0-0: Ground out 6-3 (Groundball, 6, EV 103.8 MPH)
Batting: RHB Ed Sprague Jr. 0-0: Swinging Strike
0-1: Foul Ball, location: 2F
0-2: Ball
1-2: Fly out, F7 (Flyball, 7LMF, EV 91.3 MPH)
Batting: LHB Bill Spiers 0-0: Ball
1-0: SINGLE (Line Drive, 6MD, EV 99.4 MPH)
Batting: LHB Troy O'Leary 0-0: Ball
1-0: Ball
2-0: Foul Ball, location: 2F
2-1: Called Strike
2-2: Ball
3-2: Base on Balls
Bill Spiers to second
Batting: LHB Kenny Lofton 0-0: Called Strike
0-1: Ground out 1-3 (Groundball, 13, EV 78.8 MPH)
Top of the 3rd over - 0 runs, 1 hit, 0 errors, 2 left on base; Baltimore 0 - Detroit 0
BOTTOM OF THE 3RD
Detroit Tigers batting - Pitching for Baltimore Orioles : RHP Dwight Gooden
Batting: RHB Russ Johnson 0-0: Ball
1-0: Ball
2-0: Fly out, F7 (Flyball, 7LD, EV 104.4 MPH)
Batting: SHB Adrian Brown 0-0: Foul Ball, location: 2F
0-1: Ball
1-1: Fly out, F7 (Flyball, 7, EV 86.3 MPH)
Batting: RHB Shane Halter 0-0: Called Strike
0-1: Ground out 4-3 (Groundball, 34, EV 90.0 MPH)
Bottom of the 3rd over - 0 runs, 0 hits, 0 errors, 0 left on base; Baltimore 0 - Detroit 0
TOP OF THE 4TH
Baltimore Orioles batting - Pitching for Detroit Tigers : LHP Vaughn Eshelman
Batting: LHB Matt Franco 0-0: Called Strike
0-1: Ball
1-1: Ground out 5-3 (Groundball, 56S, EV 91.3 MPH)
Batting: LHB Johnny Damon 0-0: Swinging Strike
0-1: Ball
1-1: Foul Ball, location: 2F
1-2: Foul Ball, location: 2F
1-2: Foul Ball, location: 2F
1-2: Strikes out swinging
Batting: LHB Matt Nokes 0-0: Ball
1-0: Called Strike
1-1: SINGLE (Flyball, 7S, EV 91.3 MPH)
Batting: RHB Kelly Gruber 0-0: Ball
1-0: Ball
2-0: Ball
3-0: Base on Balls
Matt Nokes to second
Batting: RHB Alvaro Espinoza 0-0: DOUBLE (Flyball, 78D, EV 106.9 MPH)
Matt Nokes scores
Kelly Gruber to third
Runner from 3rd tries for Home, SAFE, throw by LF to trailing runner, SAFE at third!
Batting: RHB Ed Sprague Jr. 0-0: Foul Ball, location: 2F
0-1: Ball
1-1: Swinging Strike
1-2: Foul Ball, location: 2F
1-2: Strikes out swinging
Top of the 4th over - 2 runs, 2 hits, 0 errors, 1 left on base; Baltimore 2 - Detroit 0
BOTTOM OF THE 4TH
Detroit Tigers batting - Pitching for Baltimore Orioles : RHP Dwight Gooden
Batting: LHB Jose R Herrera 0-0: Called Strike
0-1: Ground out 4-3 (Groundball, 4D, EV 98.1 MPH)
Batting: LHB Tino Martinez 0-0: Ball
1-0: Swinging Strike
1-1: Fly out, F7 (Flyball, 7S, EV 80.0 MPH)
Batting: RHB Shannon Stewart 0-0: Called Strike
0-1: Called Strike
0-2: Strikes out looking
Bottom of the 4th over - 0 runs, 0 hits, 0 errors, 0 left on base; Baltimore 2 - Detroit 0
TOP OF THE 5TH
Baltimore Orioles batting - Pitching for Detroit Tigers : LHP Vaughn Eshelman
Batting: LHB Bill Spiers 0-0: Fly out, F7 (Flyball, 78S, EV 93.1 MPH)
Batting: LHB Troy O'Leary 0-0: Called Strike
0-1: Swinging Strike
0-2: DOUBLE (Line Drive, 7LD, EV 105.6 MPH)
Batting: LHB Kenny Lofton 0-0: Called Strike
0-1: Ball
1-1: Swinging Strike
1-2: Ball
2-2: Ball
3-2: Base on Balls
Batting: LHB Matt Franco 0-0: Ball
1-0: Called Strike
1-1: Swinging Strike
1-2: Strikes out swinging
Batting: LHB Johnny Damon 0-0: Foul Ball, location: 2F
0-1: Foul Ball, location: 2F
0-2: Ball
1-2: DOUBLE (Flyball, 8RXD, EV 91.9 MPH)
Troy O'Leary scores
Kenny Lofton to third
Runner from 3rd tries for Home, SAFE, throw by CF to home
Batting: LHB Matt Nokes 0-0: Swinging Strike
0-1: Ball
1-1: Swinging Strike
1-2: Strikes out swinging
Top of the 5th over - 2 runs, 2 hits, 0 errors, 1 left on base; Baltimore 4 - Detroit 0
BOTTOM OF THE 5TH
Detroit Tigers batting - Pitching for Baltimore Orioles : RHP Dwight Gooden
Batting: LHB Ben Grieve 0-0: Ball
1-0: Ball
2-0: SINGLE (Line Drive, 78M, EV 106.3 MPH)
Batting: RHB Howard Battle 0-0: Called Strike
0-1: Foul Ball, location: 2F
0-2: Strikes out swinging
Batting: LHB Brent Mayne 0-0: Called Strike
0-1: Ball
1-1: Foul Ball, location: 2F
1-2: Strikes out swinging
Batting: RHB Russ Johnson 0-0: Called Strike
0-1: SINGLE (Groundball, 6D, EV 93.8 MPH)
Ben Grieve to second
Batting: SHB Adrian Brown 0-0: Called Strike
0-1: Swinging Strike
0-2: Strikes out swinging
Bottom of the 5th over - 0 runs, 2 hits, 0 errors, 2 left on base; Baltimore 4 - Detroit 0
TOP OF THE 6TH
Baltimore Orioles batting - Pitching for Detroit Tigers : LHP Vaughn Eshelman
Batting: RHB Kelly Gruber 0-0: DOUBLE (Line Drive, 7LD, EV 101.9 MPH)
Batting: RHB Alvaro Espinoza 0-0: Bunt missed!
0-1: Bunt missed!
0-2: Ball
1-2: Ground out 1-3 (Groundball, 23, EV 89.4 MPH)
Kelly Gruber to third
Batting: RHB Ed Sprague Jr. 0-0: Ball
1-0: Foul Ball, location: 2F
1-1: Foul Ball, location: 2F
1-2: Ball
2-2: Fly out, F7 (Line Drive, 7, EV 92.5 MPH)
Runner from 3rd tags up, SCORES, no throw by LF
Batting: LHB Bill Spiers 0-0: Ball
1-0: Ball
2-0: Called Strike
2-1: Ground out 5-3 (Groundball, 56S, EV 93.8 MPH)
Top of the 6th over - 1 run, 1 hit, 0 errors, 0 left on base; Baltimore 5 - Detroit 0
BOTTOM OF THE 6TH
Detroit Tigers batting - Pitching for Baltimore Orioles : RHP Dwight Gooden
Batting: RHB Shane Halter 0-0: Called Strike
0-1: Fly out, F8 (Flyball, 8RXD, EV 110.0 MPH)
Batting: LHB Jose R Herrera 0-0: Fly out, F8 (Line Drive, 8LD, EV 90.0 MPH)
Batting: LHB Tino Martinez 0-0: Foul Ball, location: 2F
0-1: Ball
1-1: Swinging Strike
1-2: SOLO HOME RUN (Line Drive, 9D, EV 101.9 MPH), Distance : 399 ft
Batting: RHB Shannon Stewart 0-0: Called Strike
0-1: Ball
1-1: SINGLE (Line Drive, 9S, EV 90.6 MPH)
Batting: LHB Ben Grieve 0-0: Foul Ball, location: 2F
0-1: Ball
1-1: Fly out, F9 (Flyball, 89S, EV 75.0 MPH)
Bottom of the 6th over - 1 run, 2 hits, 0 errors, 1 left on base; Baltimore 5 - Detroit 1
TOP OF THE 7TH
Baltimore Orioles batting - Pitching for Detroit Tigers : LHP Vaughn Eshelman
Batting: LHB Troy O'Leary 0-0: Called Strike
0-1: Foul Ball, location: 2F
0-2: Foul Ball, location: 2F
0-2: Ball
1-2: Foul Ball, location: 2F
1-2: Fly out, F8 (Flyball, 8RXD, EV 100.6 MPH)
Batting: LHB Kenny Lofton 0-0: Swinging Strike
0-1: Called Strike
0-2: SINGLE (Flyball, 8RS, EV 95.6 MPH)
Pitching: RHP David Weathers
Batting: LHB Matt Franco 0-0: Ball
1-0: Ball
2-0: Called Strike
Kenny Lofton steals 2nd base
2-1: Foul Ball, location: 2F
2-2: Fly out, F8 (Flyball, 89S, EV 89.4 MPH)
Batting: LHB Johnny Damon 0-0: Foul Ball, location: 2F
0-1: Ball
1-1: Swinging Strike
1-2: Strikes out swinging
Top of the 7th over - 0 runs, 1 hit, 0 errors, 1 left on base; Baltimore 5 - Detroit 1
BOTTOM OF THE 7TH
Detroit Tigers batting - Pitching for Baltimore Orioles : RHP Dwight Gooden
Batting: RHB Howard Battle 0-0: Foul Ball, location: 2F
0-1: Fly out, F9 (Flyball, 9, EV 90.6 MPH)
Batting: LHB Brent Mayne 0-0: Called Strike
0-1: Foul Ball, location: 2F
0-2: Ball
1-2: Strikes out swinging
Batting: RHB Russ Johnson 0-0: Ball
1-0: Called Strike
1-1: SINGLE (Groundball, 6MD, EV 95.0 MPH)
Batting: SHB Adrian Brown 0-0: Ball
1-0: Foul Ball, location: 2F
1-1: Ball
2-1: Ground out 4-3 (Groundball, 4, EV 82.5 MPH)
Bottom of the 7th over - 0 runs, 1 hit, 0 errors, 1 left on base; Baltimore 5 - Detroit 1
TOP OF THE 8TH
Baltimore Orioles batting - Pitching for Detroit Tigers : RHP David Weathers
Batting: LHB Matt Nokes 0-0: Ball
1-0: Ball
2-0: Called Strike
2-1: Foul Ball, location: 2F
2-2: Strikes out looking
Batting: RHB Kelly Gruber 0-0: Ball
1-0: Ball
2-0: Ball
3-0: Fly out, F3 (Popup, 3SF, EV 85.6 MPH)
Batting: RHB Alvaro Espinoza 0-0: Called Strike
0-1: Ball
1-1: SINGLE (Line Drive, 78S, EV 94.4 MPH)
Batting: RHB Ed Sprague Jr. 0-0: Hit by Pitch
Alvaro Espinoza to second
Batting: LHB Bill Spiers 0-0: Ball
1-0: Ball
2-0: Ball
3-0: Called Strike
3-1: Base on Balls
Alvaro Espinoza to third
Ed Sprague Jr. to second
Batting: LHB Troy O'Leary 0-0: Fly out, F9 (Line Drive, 9D, EV 97.5 MPH)
Top of the 8th over - 0 runs, 1 hit, 0 errors, 3 left on base; Baltimore 5 - Detroit 1
BOTTOM OF THE 8TH
Detroit Tigers batting - Pitching for Baltimore Orioles : RHP Dwight Gooden
Batting: RHB Shane Halter 0-0: Foul Ball, location: 2F
0-1: Ball
1-1: Foul Ball, location: 2F
1-2: Ball
2-2: Ball
3-2: Base on Balls
Batting: LHB Jose R Herrera 0-0: Ball
Wild Pitch!
Shane Halter to second
1-0: Ball
2-0: Swinging Strike
2-1: Ball
3-1: Called Strike
3-2: Strikes out swinging
Batting: LHB Tino Martinez 0-0: Called Strike
0-1: Ball
1-1: Ball
2-1: Ball
3-1: Foul Ball, location: 2F
3-2: Base on Balls
Batting: RHB Shannon Stewart 0-0: Ball
1-0: Foul Ball, location: 2F
1-1: Grounds into double play, 5-4-3 (Groundball, 56, EV 82.5 MPH)
Bottom of the 8th over - 0 runs, 0 hits, 0 errors, 1 left on base; Baltimore 5 - Detroit 1
TOP OF THE 9TH
Baltimore Orioles batting - Pitching for Detroit Tigers : RHP David Weathers
Batting: LHB Kenny Lofton 0-0: Ball
1-0: Called Strike
1-1: Swinging Strike
1-2: Ball
2-2: Foul Ball, location: 2F
2-2: Ball
3-2: Base on Balls
Batting: LHB Matt Franco 0-0: Swinging Strike
0-1: Fly out, F7 (Flyball, 7LD, EV 104.4 MPH)
Pitching: LHP Steve J Kline
Batting: LHB Johnny Damon 0-0: Ball
1-0: Swinging Strike
1-1: Ball
2-1: Foul Ball, location: 2F
2-2: SINGLE (Groundball, 56D, EV 103.8 MPH)
Kenny Lofton to second
Runner from 2nd tries for 3rd, SAFE, no throw by LF
Batting: LHB Matt Nokes 0-0: Called Strike
0-1: Swinging Strike
0-2: Ball
1-2: Grounds into double play, 6-4-3 (Groundball, 6M, EV 103.1 MPH)
Top of the 9th over - 0 runs, 1 hit, 0 errors, 1 left on base; Baltimore 5 - Detroit 1
BOTTOM OF THE 9TH
Detroit Tigers batting - Pitching for Baltimore Orioles : RHP Dwight Gooden
Batting: LHB Ben Grieve 0-0: Ball
1-0: Foul Ball, location: 2F
1-1: Foul Ball, location: 2F
1-2: DOUBLE (Line Drive, 89D, EV 108.1 MPH)
Batting: RHB Howard Battle 0-0: Ball
1-0: Ball
2-0: Swinging Strike
2-1: Swinging Strike
2-2: Strikes out swinging
Batting: LHB Brent Mayne 0-0: Ball
1-0: Foul Ball, location: 2F
1-1: Foul Ball, location: 2F
1-2: Ball
2-2: Ball
3-2: Strikes out swinging
Batting: RHB Russ Johnson 0-0: Swinging Strike
0-1: Swinging Strike
0-2: Foul Ball, location: 2F
0-2: Strikes out looking
Bottom of the 9th over - 0 runs, 1 hit, 0 errors, 1 left on base; Baltimore 5 - Detroit 1
Tuesday, January 20th, 2026 - OOTP Baseball 20.8 Build 74